 Dungeon Crawl Stone Soup version 0.24-a0-720-gbbc45b0 (webtiles) character file.

Game seed: 11613558096789797530, levelgen mode: deterministic

2986 Belboz the Spear-Bearer (level 9, -4/68 HPs)
             Began as a Merfolk Monk on Oct 1, 2019.
             Was an Elder of Yredelemnul.
             Shot with a sling bullet by Joseph (14 damage)
             ... on level 8 of the Dungeon.
             The game lasted 00:15:02 (7884 turns).

Belboz the Spear-Bearer (Merfolk Monk)              Turns: 7884, Time: 00:15:03

Health: -4/68      AC: 10    Str: 14    XL:     9   Next: 83%
Magic:  12/12      EV: 11    Int: 10    God:    Yredelemnul [****..]
Gold:   101        SH:  0    Dex: 16    Spells: 8/8 levels left

rFire    . . .     SeeInvis .   b - +0 halberd
rCold    + . .     Gourm    .   (shield currently unavailable)
rNeg     . . .     Faith    +   e - +0 scale mail (curse)
rPois    .         Spirit   .   o - +2 helmet
rElec    .         Reflect  .   (no cloak)
rCorr    .         Harm     .   (no gloves)
MR       .....                  (no boots)
Stlth    +.........             B - amulet of faith
HPRegen  0.21/turn              y - +1 ring of slaying
MPRegen  0.13/turn              D - ring of protection from cold

@: no status effects
A: change form in water, swift swim, stealthy swim
a: Recall Undead Slaves, Injury Mirror, Animate Dead, Drain Life, Renounce
Religion


You were on level 8 of the Dungeon.
You worshipped Yredelemnul.
Yredelemnul was greatly pleased with you.
You were not hungry.

You visited 1 branch of the dungeon, and saw 8 of its levels.

You collected 437 gold pieces.
You spent 336 gold pieces at shops.

Inventory:

Hand Weapons
 a - a +1 hand axe of freezing
 b - a +0 halberd (weapon)
 c - a +0 spear
 z - a +3 hunting sling
Missiles
 d - 20 poisoned darts (quivered)
 g - 5 boomerangs
 l - 259 stones
 p - 2 throwing nets
 t - 5 javelins
Armour
 e - a cursed +0 scale mail (worn)
 i - a +1 ring mail
 o - a +2 helmet (worn)
Jewellery
 s - an uncursed amulet of rage
 y - a +1 ring of slaying (left hand)
 B - an amulet of faith (around neck)
 D - a ring of protection from cold (right hand)
Wands
 A - a wand of paralysis (11)
 C - a wand of flame (22)
 E - a wand of iceblast (11)
 F - a wand of disintegration (11)
Scrolls
 f - 3 scrolls of identify
 j - 2 scrolls of teleportation
 m - a scroll of enchant armour
 r - 3 scrolls of amnesia
 G - a scroll of remove curse
Potions
 h - 2 potions of brilliance
 k - a potion of might
 q - 2 potions of flight
 u - 3 potions of haste
 v - 4 potions of heal wounds
 w - 3 potions of curing
 x - a potion of mutation
 H - a potion of resistance {unknown}
Comestibles
 n - 4 rations


   Skills:
 + Level 5.3 Fighting
 * Level 14.3 Polearms
 - Level 4.0 Armour
 - Level 4.0 Dodging
 - Level 2.1 Stealth
 + Level 5.1 Invocations
 - Level 2.0 Evocations


You had 8 spell levels left.
You didn't know any spells.
Your spell library contained the following spells:

 Spells                   Type           Power        Failure   Level  Hunger
 Animate Skeleton         Necr           N/A          83%         1    ##.....
 Apportation              Tloc           #.....       83%         1    ##.....
 Confusing Touch          Hex            #.....       83%         1    ##.....
 Freeze                   Ice            #...         83%         1    ##.....
 Pain                     Necr           #...         83%         1    ##.....
 Summon Small Mammal      Summ           #...         83%         1    ##.....
 Throw Frost              Conj/Ice       #.....       92%         2    ###....
 Ozocubu's Armour         Chrm/Ice       #.......     99%         3    ####...
 Summon Ice Beast         Ice/Summ       #.......     100%        4    #####..
 Throw Icicle             Conj/Ice       #.......     100%        4    #####..


Dungeon Overview and Level Annotations

Branches:
Dungeon (8/15)             Temple (0/1) D:6
   Lair: D:8-11

Altars:
Cheibriados
Elyvilon
Gozag
Hepliaklqana
Kikubaaqudgha
Nemelex Xobeh
Okawaru
Ru
Sif Muna
Vehumet
Wu Jian
Yredelemnul
The Shining One

Shops:
D:4 (   D:5 :   D:6 }

Annotations:
D:8 Joseph


Message History

Attack whom?
Press: ? - help, Dir - move target cursor, f - Joseph
Aim: Joseph, wielding a +0 hunting sling of velocity and wearing a +0 ring mail You reach to attack!
You slash Joseph!
Joseph is lightly wounded.
Attack whom?
Press: ? - help, Dir - move target cursor, f/p - Joseph
Aim: Joseph, wielding a +0 hunting sling of velocity and wearing a +0 ring mail (lightly wounded)
You reach to attack!
You hit Joseph.
Joseph is lightly wounded.
Joseph shoots a sling bullet.
The sling bullet hits you!
* * * LOW HITPOINT WARNING * * *
x2 Attack whom?
Press: ? - help, Dir - move target cursor, f/p - Joseph
Aim: Joseph, wielding a +0 hunting sling of velocity and wearing a +0 ring mail (lightly wounded)
You reach to attack!
You hit Joseph.
Joseph is moderately wounded.
Joseph shoots a sling bullet.
The sling bullet hits you!
You die...
Your body rises from the dead as a mindless zombie.

# . # #########
#.......##############
#..@.Z..##............
#....@((((>...........
#......)##############
#.......# #.......#
#.......# #.......#
#.......# #.......#


You could see Joseph and a friendly sky beast zombie.

Vanquished Creatures
  Pikel (D:4)
  A wyvern (D:7)
  A hungry ghost (D:8)
  An orc warrior (D:6)
  A phantom (D:4)
  2 sky beasts
  3 ogres
  3 centaurs
  A bullfrog (D:7)
  A gnoll sergeant (D:7)
  A scorpion (D:7)
  A killer bee (D:7)
  3 wights (D:8)
  A howler monkey (D:6)
  A bullfrog zombie (D:6)
  4 hounds
  A jelly (D:7)
  A quasit (D:6)
  An orc priest (D:4)
  5 orc wizards
  2 iguanas
  Ijyb (D:5)
  4 worker ants
  A killer bee zombie (D:5)
  A hound zombie (D:6)
  A mummy (D:6)
  A howler monkey zombie (D:6)
  13 adders
  4 gnolls
  4 worms
  2 dart slugs
  2 leopard geckos (D:3)
  20 orcs
  A ball python (D:3)
  5 giant cockroaches
  13 goblins
  10 hobgoblins
  12 jackals
  6 kobolds
  A quokka (D:6)
  6 bats
  6 frilled lizards
  A hobgoblin zombie (D:6)
  An orc zombie (D:6)
  5 rats
157 creatures vanquished.

Vanquished Creatures (collateral kills)
  A bullfrog (D:6)
  3 killer bees (D:7)
  An iron imp (D:6)
  A worker ant (D:8)
  A hound zombie (D:8)
  2 gnolls (D:7)
  A shadow imp (D:8)
  2 orcs
  A giant cockroach (D:6)
  A jackal zombie (D:8)
  A kobold zombie (D:6)
  An orc zombie (D:6)
16 creatures vanquished.

Vanquished Creatures (others)
  A bullfrog skeleton (D:7)
  A centaur skeleton (D:8)
  A mummy (D:8)
  A hound skeleton (D:5)
  4 orc zombies (D:6)
8 creatures vanquished.

Grand Total: 181 creatures vanquished

Notes
Turn   | Place    | Note
-------+----------+-------------------------------------------
     0 | D:1      | Belboz the Merfolk Monk began the quest for the Orb.
     0 | D:1      | Reached XP level 1. HP: 18/18 MP: 1/1
    37 | D:1      | Reached XP level 2. HP: 8/24 MP: 2/2
   332 | D:1      | Reached skill level 5 in Polearms
   823 | D:1      | Found a glowing golden altar of the Shining One.
   972 | D:2      | Reached XP level 3. HP: 27/29 MP: 3/3
  1111 | D:2      | Reached skill level 1 in Armour
  1169 | D:2      | Noticed an ogre
  1177 | D:2      | Killed an ogre
  1177 | D:2      | Reached skill level 6 in Polearms
  1177 | D:2      | Reached XP level 4. HP: 35/37 MP: 4/4
  1177 | D:2      | Reached XP level 5. HP: 40/42 MP: 5/5
  1422 | D:2      | Found a sparkling altar of Nemelex Xobeh.
  2034 | D:3      | Reached skill level 7 in Polearms
  2227 | D:3      | Reached skill level 1 in Evocations
  2397 | D:3      | Found a white marble altar of Elyvilon.
  2400 | D:3      | Found a hazy altar of Hepliaklqana.
  2403 | D:3      | Found a basalt altar of Yredelemnul.
  2407 | D:3      | Became a worshipper of Yredelemnul the Dark
  2407 | D:3      | Reached * piety under Yredelemnul
  2407 | D:3      | Reached ** piety under Yredelemnul
  2483 | D:3      | Reached XP level 6. HP: 43/48 MP: 6/6
  2739 | D:3      | Noticed a sky beast
  2755 | D:3      | Killed a sky beast
  2755 | D:3      | Reached skill level 8 in Polearms
  2917 | D:3      | Found a sacrificial altar of Ru.
  3570 | D:4      | Reached XP level 7. HP: 54/54 MP: 8/8
  3628 | D:4      | Found a radiant altar of Vehumet.
  3628 | D:4      | Found an ancient bone altar of Kikubaaqudgha.
  3629 | D:4      | Found a shimmering blue altar of Sif Muna.
  3634 | D:4      | Identified Kikubaaqudgha's Almanac of Sinister Magic
  3721 | D:4      | Found Paul's Antique Weapon Emporium.
  3980 | D:4      | Found an iron altar of Okawaru.
  4069 | D:5      | Entered Level 5 of the Dungeon
  4084 | D:4      | Reached skill level 9 in Polearms
  4116 | D:5      | Noticed Pikel
  4118 | D:5      | Found an opulent altar of Gozag.
  4137 | D:4      | Killed Pikel
  4137 | D:4      | Reached skill level 10 in Polearms
  4137 | D:4      | Reached XP level 8. HP: 14/60 MP: 9/9
  4390 | D:5      | Reached skill level 11 in Polearms
  4431 | D:5      | Noticed Ijyb
  4457 | D:5      | Killed Ijyb
  4623 | D:5      | Reached skill level 1 in Invocations
  4951 | D:5      | Found an ornate altar of the Wu Jian Council.
  5098 | D:5      | Found Utyfus's Book Emporium.
  5120 | D:5      | Reached *** piety under Yredelemnul
  5296 | D:6      | Reached skill level 12 in Polearms
  5514 | D:6      | Found a staircase to the Ecumenical Temple.
  5824 | D:6      | Found Seem's Gadget Boutique.
  5836 | D:6      | Bought a wand of paralysis (7) for 126 gold pieces
  5836 | D:6      | Bought a wand of iceblast (11) for 210 gold pieces
  5930 | D:6      | Reached XP level 9. HP: 40/65 MP: 9/11
  6098 | D:6      | Found a snail-covered altar of Cheibriados.
  6591 | D:7      | Reached **** piety under Yredelemnul
  6591 | D:7      | Reached skill level 13 in Polearms
  6591 | D:7      | Received a gift from Yredelemnul (a mummy)
  7663 | D:8      | Reached skill level 5 in Fighting
  7663 | D:8      | Reached skill level 14 in Polearms
  7745 | D:8      | Reached skill level 5 in Invocations
  7873 | D:8      | Noticed Joseph
  7884 | D:8      | Shot with a sling bullet by Joseph

Levels and vault maps discovered:
D:1:      matt_arrival_grand_opening, layout_basic, tso_altar
D:2:      layout_loops_ring, nemelex_xobeh_ov_fountains_minmay
D:3:      minmay_octagon_keep, layout_basic, nicolae_ru_the_path_less_chosen,
          grunt_temple_overflow_diamond
D:4:      layout_basic, grunt_temple_overflow_magic_moments,
          kennysheep_okawaru_gauntlet, serial_shops, shop
D:5:      layout_basic, lemuel_round_altar, grunt_gozag_statues, serial_shops,
          kennysheep_mini_moat, first_ration, hangedman_glass_teeth, uniq_ijyb,
          uniq_pikel
D:6:      layout_rooms, slow_altar_2, minmay_temple_entry_gardened_gates,
          serial_shops, shop, minmay_mini_ossuary
D:7:      layout_basic, nicolae_overflow_hidden_temple
D:8:      layout_basic, david_lair_generic, grunt_pizzeria, uniq_psyche,
          uniq_joseph

Skill      XL: |  1  2  3  4  5  6  7  8  9 |
---------------+----------------------------+-----
Polearms       | 5 6 7 8 10 12 14 | 14.3
Armour         | 1 2 3 4 |  4.0
Fighting       | 4 5 |  5.3
Evocations     | 1 2 |  2.0
Invocations    | 2 5 |  5.1
Dodging        | |  4.0
Stealth        | |  2.1

Action                   |  1- 3 |  4- 6 |  7- 9 || total
-------------------------+-------+-------+-------++-------
Melee: Spear             |   101 |       |       ||   101
       Halberd           |    12 |   228 |   351 ||   591
       Unarmed           |       |       |     4 ||     4
Invok: Animate Dead      |       |       |    10 ||    10
       Animate Remains   |       |       |     4 ||     4
  Use: Scroll            |       |       |    15 ||    15
       Potion            |       |       |     1 ||     1
 Stab: Sleeping          |       |     1 |       ||     1
       Distracted        |       |       |     1 ||     1
  Eat: Chunk             |     1 |     7 |     7 ||    15
       Ration            |       |     1 |     5 ||     6
Armor: Robe              |     8 |       |       ||     8
       Ring mail         |     4 |   119 |    39 ||   162
       Scale mail        |       |       |   165 ||   165
Dodge: Dodged            |    71 |   145 |   261 ||   477

Table legend:
 A = Non-vault XP
 B = Vault XP
 C = Vault XP percentage of total XP
 D = Non-vault monster count
 E = Vault monster count
 F = Vault count percentage of total count
                 A         B        C        D         E       F
            +---------+---------+-------+---------+---------+-------
      Total |    3471 |     795 |  18.6 |     152 |      21 |  12.1
            +---------+---------+-------+---------+---------+-------
        D:1 |      32 |       0 |   0.0 |      17 |       0 |   0.0
        D:2 |     222 |       0 |   0.0 |      27 |       0 |   0.0
        D:3 |     219 |      45 |  17.0 |      24 |      11 |  31.4
        D:4 |     285 |     667 |  70.1 |       8 |       3 |  27.3
        D:5 |     507 |      35 |   6.5 |      25 |       1 |   3.8
        D:6 |     559 |      48 |   7.9 |      19 |       6 |  24.0
        D:7 |     886 |       0 |   0.0 |      20 |       0 |   0.0
        D:8 |     761 |       0 |   0.0 |      12 |       0 |   0.0
            +---------+---------+-------+---------+---------+-------
